 Dungeon Crawl Stone Soup version 0.29-a0-322-g68df515428 (webtiles) character file.

Game seed: 414608121883157803

0 spiderkeys the Ducker (level 1, -1/11 HPs)
             Began as a Spriggan Abyssal Knight on Apr 9, 2022.
             Was a Believer of Lugonu.
             Slain by a shadow imp (3 damage)
             ... on level 1 of the Abyss.
             The game lasted 00:00:55 (606 turns).

spiderkeys the Ducker (Spriggan Abyssal Knight)      Turns: 606, Time: 00:00:56

Health: -1/11      AC:  2    Str:  9    XL:     1   Next: 0%
Magic:  3/3        EV: 17    Int: 11    God:    Lugonu [**....]
Gold:   0          SH:  0    Dex: 15    Spells: 0/0 levels left

rFire   . . .      SeeInvis +   a - +1 short sword
rCold   . . .      Faith    .   (no shield)
rNeg    . . .      Spirit   .   b - +0 robe
rPois   .          Reflect  .   (helmet restricted)
rElec   .          Harm     .   (no cloak)
rCorr   .          Rampage  .   (gloves unavailable)
Will    .....                   (boots unavailable)
Stlth   +.........              (no amulet)
HPRegen 0.03/turn               (no ring)
MPRegen 0.08/turn               (no ring)

@: very quick
A: very small, no large weapons, unfitting armour, see invisible, speed 3
a: Renounce Religion, Depart the Abyss, Bend Space


You were on level 1 of the Abyss.
You worshipped Lugonu.
Lugonu was pleased with you.
You visited 0 branches of the dungeon, and saw 0 of its levels.
You visited the Abyss 1 time.


Innate Abilities, Weirdness & Mutations

You are very small and have problems with some larger weapons.
You are too small for most types of armour.
You have supernaturally acute eyesight. (SInv)
You cover ground extremely quickly. (Speed+++)


   Skills:
 + Level 2.4 Fighting
 + Level 2.1 Short Blades
 + Level 3.2 Dodging
 + Level 1.7 Invocations


You couldn't memorise any spells.
You didn't know any spells.
Your spell library was empty.

Inventory:

Hand Weapons
 a - a +1 short sword (weapon)
Armour
 b - a +0 robe (worn)

Dungeon Overview and Level Annotations

Branches:
Dungeon (0/15)

Altars:

.# #.# ..# # .# #
.# ## . #.#.
#..#..## .#.# # #
.. # #33# #. .#.#
... #.#... . 5#
####....# .# .#
#@# #.. ...##.#
##5x3# ##....#
...5#X#.###...
.... #
#.######.##......
. #..#.#. ....
##. #..# # # #.
5.. . #.. # # # .
. ##.##.# ##. . .
. .


You could see a tentacled starspawn, a ynoxinul, a small abomination and a
shadow imp.


Message History

🤖 Initializing magus.rc ...
Options error: Bad monster_list_colour key: strict_neutral (~/.crawlrc:5438) ✅ Successfully initialized magus.rc [v1.11.3] Welcome, spiderkeys the Spriggan Abyssal Knight.
The wondrous Orb of Zot lies far below, as if waiting for you to find it.
Lugonu says: Depart the Abyss and spread corruption, my servant! (use the ability menu to exit the Abyss) Press ? for a list of commands and other information.
Found a corrupted altar of Lugonu.
There is a corrupted altar of Lugonu here.
There is a corrupted altar of Lugonu here.
There is a corrupted altar of Lugonu here.
There is a corrupted altar of Lugonu here.
There is a corrupted altar of Lugonu here.
Unknown command.
A raiju comes into view.
A raiju is nearby!
A tentacled starspawn comes into view.
A small abomination comes into view.
A large abomination comes into view.
A tentacle flies out from the starspawn's body!
A starspawn tentacle comes into view.
A tentacle flies out from the starspawn's body!
A starspawn tentacle comes into view.
A large abomination comes into view.
You enter the shallow water.
Moving in this stuff is going to be slow.
An ancient zyme comes into view.
You feel yourself growing ill in the presence of the ancient zyme.
An ancient zyme comes into view.
An ufetubus comes into view.
A small abomination comes into view.
A white imp comes into view.
The ufetubus shouts!
An iron imp comes into view.
The iron imp shouts!
A shadow imp comes into view.
A shadow imp comes into view.
A small abomination and an ufetubus come into view.
The shadow imp gestures at you. Pain shoots through your body!
Ouch! That really hurt!
* * * LOW HITPOINT WARNING * * *
😨 HP[-6]
You take 6 damage, and now have 5/11 hp.
MASSIVE DAMAGE!! (PAUSE)
A large abomination comes into view. 😮 HP[+1]
A ynoxinul comes into view.
The ynoxinul bellows!
A smoke demon comes into view.
The smoke demon roars!
The ynoxinul gestures.
A tentacled starspawn comes into view.
A tentacle flies out from the starspawn's body!
A starspawn tentacle comes into view.
You hit the ufetubus. The ufetubus barely misses you. The ufetubus misses you.
You hit the ufetubus.
You kill the ufetubus!
The ufetubus disappears in a puff of smoke!
The ufetubus closely misses you. The ufetubus completely misses you.
You closely miss the ufetubus. The ufetubus misses you. x2
You barely miss the ufetubus. The ufetubus barely misses you.
The ufetubus completely misses you. The ufetubus barely misses you. x2
You barely miss the ufetubus. The ufetubus completely misses you.
The ufetubus barely misses you.
You hit the ufetubus. The ufetubus misses you. The ufetubus hits you.
* * * LOW HITPOINT WARNING * * *
😱 HP[-4]
You take 4 damage, and now have 2/11 hp.
MASSIVE DAMAGE!! (PAUSE)
You completely miss the shadow imp.
You hit the shadow imp but do no damage.
The shadow imp closely misses you.
The ynoxinul gestures.
You closely miss the shadow imp. The shadow imp hits you.
You die...

Action                   || total
-------------------------++-------
Melee: Short sword       ||     9
Dodge: Dodged            ||    14

Levels and vault maps discovered:
Abyss:1:  base: Temple, hangedman_decor_lopped, base:
Temple

Notes
Turn   | Place    | Note
-------+----------+-------------------------------------------
     0 | Abyss:1  | spiderkeys the Spriggan Abyssal Knight began the quest for
                  | the Orb.
     0 | Abyss:1  | Reached XP level 1. HP: 11/11 MP: 3/3
     0 | Abyss:1  | magus.rc [v1.11.3]
    36 | Abyss:1  | Found a corrupted altar of Lugonu.
   119 | Abyss:1  | Found a corrupted altar of Lugonu.
   303 | Abyss:1  | Found a corrupted altar of Lugonu.
   457 | Abyss:1  | Noticed a raiju
   473 | Abyss:1  | Noticed a tentacled starspawn
   476 | Abyss:1  | Noticed a small abomination
   477 | Abyss:1  | Noticed a large abomination
   498 | Abyss:1  | Noticed a large abomination
   512 | Abyss:1  | Noticed an ancient zyme
   520 | Abyss:1  | Noticed an ancient zyme
   526 | Abyss:1  | Noticed a small abomination
   535 | Abyss:1  | Noticed an iron imp
   539 | Abyss:1  | Noticed a large abomination
   544 | Abyss:1  | Noticed a small abomination
   554 | Abyss:1  | Noticed a large abomination
   586 | Abyss:1  | Noticed a ynoxinul
   587 | Abyss:1  | Noticed a smoke demon
   589 | Abyss:1  | Noticed a tentacled starspawn
   603 | Abyss:1  | HP: 2/11 [ufetubus (4)]
   606 | Abyss:1  | Slain by a shadow imp

Vanquished Creatures (others)
  6 starspawn tentacles (Abyss:1)
6 creatures vanquished.

Table legend:
 A = Non-vault XP
 B = Vault XP
 C = Vault XP percentage of total XP
 D = Non-vault monster count
 E = Vault monster count
 F = Vault count percentage of total count
                 A         B        C        D         E       F
            +---------+---------+-------+---------+---------+-------
      Total |       0 |       0 |   N/A |       0 |       0 |  -nan
            +---------+---------+-------+---------+---------+-------
            +---------+---------+-------+---------+---------+-------

Illustrated notes

Table legend: (Time is in decaauts)
 A = Elapsed time spent in this place.
 B = Non-inter-level travel time spent in this place.
 C = Inter-level travel time spent in this place.
 D = Time resting spent in this place.
 E = Time spent auto-exploring this place.
 F = Levels seen in this place.
 G = Mean time per level.
                   A        B        C        D        E       F      G
               +--------+--------+--------+--------+--------+-----+--------+
         Total |    368 |    368 |      0 |      0 |    274 |   1 |  368.0 |
         Abyss |    368 |    368 |      0 |      0 |    274 |   1 |  368.0 |
               +--------+--------+--------+--------+--------+-----+--------+

Top non-repeatable levels by time:
 Abyss:1: 368 daAuts
